AoeStats
← Shredded_Pork

Fortress

509863427Analyzed
4v4 RM · 3d ago on Sep 28, 2026· 67m 7s· 8 players
Game mode
Random Map
Map size
Huge
Population
200
Speed
Normal
Resources
Standard
Victory
Conquest
Starting age
Dark Age
Ending age
Imperial Age
RankedLock teamsTeams togetherTeam positionsShared explorationLock speedFull tech treeHidden civsTurbo modeCheats
Victory
Defeat
🇨🇳 Spanish · China
749
+10
🇪🇸 Bohemians · Spain
734
+10
🇨🇳 Tatars · China
700
+12
🇨🇳 Khitans · China
676
+13
🇯🇵 Sicilians · Japan
697
-14
🇨🇱 Franks · Chile
654
-13
🇨🇳 Britons · China
628
-12
🇦🇷 Romans · Argentina
449
-6
ALEX_THE_KING
9:03 Feudal Age
10:33 Double-Bit Axe
11:27 Wheelbarrow
11:38 Gold Mining
15:43 Stone Mining
18:27 Castle Age
20:10 Gold Shaft Mining
27:18 Bow Saw
29:19 Hand Cart
29:20 Scale Barding Armor
29:26 Forging
29:22 Caravan
34:06 Imperial Age
32:24 Chain Barding Armor
32:40 Iron Casting
35:40 Cavalier
38:15 Husbandry
40:30 Chemistry
40:04 Paladin
45:57 Plate Barding Armor
46:34 Blast Furnace
javitostar19
8:24 Feudal Age
9:57 Wheelbarrow
15:42 Castle Age
22:30 Imperial Age
22:31 Husbandry
24:17 Hand Cart
25:58 Crossbowman
27:27 Loom
28:34 Double-Bit Axe
28:32 Light Cavalry
31:48 Horse Collar
32:22 Bow Saw
33:44 Heavy Plow
33:46 Town Watch
34:32 Conscription
36:28 Cavalier
39:23 Town Patrol
39:55 Crop Rotation
40:01 Pikeman
41:17 Guard Tower
42:00 Halberdier
43:59 Scale Mail Armor
43:49 Fletching
43:59 Padded Archer Armor
44:05 Scale Barding Armor
44:10 Forging
43:35 Elite Skirmisher
46:19 Heavy Cavalry Archer
48:54 Onager
51:10 Bloodlines
56:07 Keep
55:58 Elite Centurion
59:38 Chain Mail Armor
59:18 Bodkin Arrow
59:38 Leather Archer Armor
59:44 Chain Barding Armor
60:01 Iron Casting
59:56 Capped Ram
teban0721
7:22 Feudal Age
12:10 Castle Age
10:02 Horse Collar
10:08 Double-Bit Axe
13:35 Bow Saw
14:23 Loom
17:37 Gold Mining
19:18 Wheelbarrow
19:12 Town Watch
21:04 Hand Cart
22:42 Stone Mining
23:29 Gold Shaft Mining
26:23 Imperial Age
23:48 Fletching
24:01 Scale Mail Armor
24:18 Heavy Plow
24:30 Bodkin Arrow
24:47 Forging
25:35 Stone Shaft Mining
24:38 Crossbowman
26:20 Iron Casting
25:52 Scale Barding Armor
25:49 Padded Archer Armor
26:07 Chain Mail Armor
27:24 Chain Barding Armor
27:16 Bloodlines
27:06 Husbandry
26:29 Pikeman
27:10 Squires
26:55 Gambesons
27:44 Conscription
27:27 Bracer
28:33 Blast Furnace
27:24 Arbalester
27:24 Elite Skirmisher
28:03 Halberdier
31:01 Town Patrol
33:00 Elite Serjeant
33:54 Hauberk
34:10 First Crusade
34:06 Heavy Scorpion
34:07 Capped Ram
35:58 Plate Mail Armor
36:04 Plate Barding Armor
35:46 Leather Archer Armor
34:55 Cranequins
34:56 Heavy Mounted Crossbowman
36:54 Arson
38:48 Siege Ram
40:55 Light Cavalry
psnb694238
0:32 Loom
12:50 Feudal Age
16:56 Wheelbarrow
16:10 Double-Bit Axe
16:08 Horse Collar
16:40 Gold Mining
16:41 Stone Mining
20:03 Castle Age
18:49 Man-at-Arms
19:14 Arson
19:28 Fletching
19:39 Scale Mail Armor
22:30 Forging
22:40 Hand Cart
22:56 Bow Saw
22:13 Long Swordsman
22:14 Pikeman
22:55 Squires
22:40 Gambesons
23:03 Heavy Plow
32:46 Imperial Age
31:30 Bodkin Arrow
32:55 Crossbowman
34:12 Iron Casting
34:34 Arbalester
zamuee14
8:19 Feudal Age
13:51 Castle Age
11:46 Loom
13:10 Wheelbarrow
12:44 Double-Bit Axe
19:22 Bow Saw
19:34 Horse Collar
22:06 Hand Cart
24:41 Caravan
26:29 Ballistics
27:44 Chemistry
31:05 Imperial Age
30:39 Wagenburg Tactics
30:49 Wagenburg Tactics
31:18 Elite Hussite Wagon
33:24 Two-Man Saw
32:28 Heavy Plow
34:08 Houfnice
59:23 Bombard Tower
58:48 Arrowslits
58:54 Guard Tower
59:14 Fortified Wall
59:00 Murder Holes
59:10 Siege Engineers
59:16 Masonry
59:08 Scale Mail Armor
59:09 Padded Archer Armor
59:14 Scale Barding Armor
59:20 Forging
59:01 Fletching
59:21 Hussite Reforms
59:36 Conscription
58:50 Sappers
58:42 Spies/Treason
60:22 Chain Mail Armor
60:14 Atonement
60:40 Illumination
60:26 Fervor
60:32 Block Printing
60:27 Redemption
60:18 Devotion
60:38 Sanctity
60:39 Heresy
60:55 Theocracy
60:15 Herbal Medicine
65:42 Architecture
65:48 Keep
65:31 Leather Archer Armor
65:37 Chain Barding Armor
65:53 Iron Casting
65:14 Bodkin Arrow
65:49 Plate Mail Armor
Shredded_Pork
7:58 Feudal Age
8:22 Horse Collar
8:31 Double-Bit Axe
14:18 Castle Age
16:54 Bow Saw
16:48 Heavy Plow
17:37 Stone Mining
17:37 Gold Mining
20:23 Stone Shaft Mining
27:10 Imperial Age
25:21 Husbandry
25:31 Bloodlines
26:47 Wheelbarrow
26:40 Bloodlines
27:10 Caravan
27:59 Hand Cart
28:36 Ballistics
28:58 Conscription
28:05 Pikeman
28:45 Squires
29:21 Scale Barding Armor
29:18 Scale Mail Armor
29:28 Forging
29:20 Padded Archer Armor
29:11 Fletching
31:31 Chain Mail Armor
31:37 Chain Barding Armor
32:41 Chemistry
33:21 Iron Casting
32:41 Bodkin Arrow
33:02 Leather Archer Armor
44:36 Plate Mail Armor
44:41 Plate Barding Armor
45:07 Blast Furnace
44:07 Bracer
44:38 Ring Archer Armor
44:17 Elite Conquistador
61:54 Spies/Treason
我喜欢狐臭
1:43 Loom
6:59 Feudal Age
10:19 Double-Bit Axe
15:04 Castle Age
14:46 Stone Mining
14:47 Gold Mining
15:20 Domestication
18:07 Husbandry
23:56 Town Watch
24:02 Elite Skirmisher
26:58 Wheelbarrow
27:54 Pastoralism
30:04 Hand Cart
31:18 Forging
31:46 Masonry
33:42 Lamellar Armor
42:02 Imperial Age
41:03 Bow Saw
41:50 Ballistics
44:19 Iron Casting
43:50 Scale Barding Armor
44:44 Stone Shaft Mining
46:07 Chemistry
45:33 Conscription
46:24 Transhumance
46:39 Elite Liao Dao
47:35 Scale Mail Armor
48:33 Ordo Cavalry
50:05 Chain Mail Armor
49:54 Arson
50:12 Squires
50:19 Caravan
50:49 Coinage
52:00 Heavy Camel Rider
53:29 Plate Mail Armor
55:31 Chain Barding Armor
66:22 Spies/Treason
菜鸟驿站
2:25 Loom
8:12 Feudal Age
15:09 Double-Bit Axe
17:39 Castle Age
17:38 Padded Archer Armor
26:03 Horse Collar
32:10 Imperial Age
33:06 Bow Saw
33:55 Bloodlines
47:27 Gold Mining
48:40 Wheelbarrow
48:00 Town Watch
49:24 Heavy Plow
50:23 Elite Steppe Lancer
53:20 Husbandry
54:36 Scale Barding Armor
54:42 Forging
56:48 Iron Casting
56:34 Chain Barding Armor
59:54 Blast Furnace
59:30 Plate Barding Armor
Connection lost

Rejoining the realm…

Still unreachable

The connection could not be restored.

Session expired

The server has moved on; the page needs a fresh start.